TOP OF THE 1ST |
Santa Barbara Golden Cranes batting - Pitching for Hamilton Coyotes : RHP Bruce Hamilton
|
Pitching: RHP Bruce Hamilton
|
|
Batting: LHB Manny Rosário
|
0-0: Foul Ball, location: 2F 0-1: Ball 1-1: Ball 2-1: Ball 3-1: Base on Balls
|
Batting: RHB Ed St. James
|
0-0: Ball 1-0: Ball 2-0: Foul Ball, location: 2F 2-1: Ground out 5-3 (Groundball, 56S) Manny Rosário to second
|
Batting: RHB Gilbert Graham
|
0-0: Ball Manny Rosário steals 3rd base 1-0: SINGLE (Groundball, 6MD) Manny Rosário scores
|
Batting: LHB Sixto Álvarez
|
0-0: Ball 1-0: DOUBLE (Flyball, 78XD) Gilbert Graham to third
|
Batting: RHB James Pike
|
0-0: Ball 1-0: Fly out, F9 (Flyball, 9S)
|
Batting: RHB Logan Manning
|
0-0: Fly out, F9 (Flyball, 9S)
|
Top of the 1st over - 1 run, 2 hits, 0 errors, 2 left on base; Santa Barbara 1 - Hamilton 0 |
BOTTOM OF THE 1ST |
Hamilton Coyotes batting - Pitching for Santa Barbara Golden Cranes : RHP Rocky Lannan
|
Pitching: RHP Rocky Lannan
|
|
Batting: LHB Ruben Yim
|
0-0: Bunt for hit - play at first, batter OUT! 2-3
|
Batting: RHB Vincente Fuentes
|
0-0: Ground out 5-3 (Groundball, 5)
|
Batting: LHB Andrés Chávez
|
0-0: Called Strike 0-1: Ball 1-1: SOLO HOME RUN (Flyball, 9D), Distance : 350 ft
|
Batting: LHB Armando Reyes
|
0-0: Fly out, F7 (Flyball, 7S)
|
Bottom of the 1st over - 1 run, 1 hit, 0 errors, 0 left on base; Santa Barbara 1 - Hamilton 1 |
TOP OF THE 2ND |
Santa Barbara Golden Cranes batting - Pitching for Hamilton Coyotes : RHP Bruce Hamilton
|
Batting: RHB John Aston
|
0-0: Ball 1-0: Foul Ball, location: 2F 1-1: Ground out 5-3 (Groundball, 5)
|
Batting: RHB Christian Turner
|
0-0: Ball 1-0: SINGLE (Groundball, 6MD)
|
Batting: RHB Salvador Noriega
|
0-0: Called Strike 0-1: Ball 1-1: Foul Ball, location: 2F 1-2: Ball 2-2: Foul Ball, location: 2F 2-2: SINGLE (Groundball, 6MD) Christian Turner to second
|
Batting: LHB Manny Rosário
|
0-0: Ball 1-0: Ball 2-0: Grounds into double play, 3-6-3 (Groundball, 34)
|
Top of the 2nd over - 0 runs, 2 hits, 0 errors, 1 left on base; Santa Barbara 1 - Hamilton 1 |
BOTTOM OF THE 2ND |
Hamilton Coyotes batting - Pitching for Santa Barbara Golden Cranes : RHP Rocky Lannan
|
Batting: RHB Noel Wells
|
0-0: Ball 1-0: Called Strike 1-1: Ball 2-1: Ball 3-1: Base on Balls
|
Batting: RHB Bob Sargent
|
0-0: Ball 1-0: Called Strike 1-1: Ball 2-1: Foul Ball, location: 2F 2-2: Fly out, F2 (Popup, 23F)
|
Batting: RHB Rodrigo Pagán
|
0-0: Called Strike 0-1: Foul Ball, location: 2F 0-2: Ball 1-2: Foul Ball, location: 2F 1-2: Fielders Choice at 2nd, 6-4 (Groundball, 6)
|
Batting: LHB Manuel Sánchez
|
0-0: Ball 1-0: Ball 2-0: Ground out 1-3 (Groundball, 15S)
|
Bottom of the 2nd over - 0 runs, 0 hits, 0 errors, 1 left on base; Santa Barbara 1 - Hamilton 1 |
TOP OF THE 3RD |
Santa Barbara Golden Cranes batting - Pitching for Hamilton Coyotes : RHP Bruce Hamilton
|
Batting: RHB Ed St. James
|
0-0: Called Strike 0-1: Foul Ball, location: 2F 0-2: Foul Ball, location: 2F 0-2: Foul Ball, location: 2F 0-2: Ball 1-2: Ball 2-2: Ball 3-2: Foul Ball, location: 2F 3-2: SINGLE (Groundball, 34D)
|
Batting: RHB Gilbert Graham
|
0-0: Foul Ball, location: 2F 0-1: Called Strike 0-2: Ball 1-2: Strikes out swinging
|
Batting: LHB Sixto Álvarez
|
0-0: Fly out, F9 (Flyball, 9LD)
|
Batting: RHB James Pike
|
0-0: Called Strike 0-1: Swinging Strike 0-2: Ball Ed St. James is caught stealing 2nd base
|
Top of the 3rd over - 0 runs, 1 hit, 0 errors, 0 left on base; Santa Barbara 1 - Hamilton 1 |
BOTTOM OF THE 3RD |
Hamilton Coyotes batting - Pitching for Santa Barbara Golden Cranes : RHP Rocky Lannan
|
Batting: RHB Henry Mann
|
0-0: SINGLE (Line Drive, 8LS)
|
Batting: LHB Ruben Yim
|
0-0: Called Strike 0-1: Fielders Choice at 2nd, 4-6 (Groundball, 4)
|
Batting: RHB Vincente Fuentes
|
0-0: Ball Ruben Yim steals 2nd base 1-0: Ball 2-0: Swinging Strike 2-1: Foul Ball, location: 2F 2-2: SINGLE (Flyball, 89M) Ruben Yim to third Runner from 3rd tries for Home, SAFE, throw made home Vincente Fuentes to second
|
Batting: LHB Andrés Chávez
|
0-0: Hit by Pitch
|
Pinch Runner at 1st Warren Martin:
|
|
Batting: LHB Armando Reyes
|
0-0: Called Strike 0-1: Ball 1-1: Fielders Choice at 2nd, 3-6 (Groundball, 34) Vincente Fuentes to third
|
Batting: RHB Noel Wells
|
0-0: Called Strike 0-1: Ball 1-1: Ball 2-1: Ball 3-1: Ground out 4-3 (Groundball, 4)
|
Bottom of the 3rd over - 1 run, 2 hits, 0 errors, 2 left on base; Santa Barbara 1 - Hamilton 2 |
TOP OF THE 4TH |
Santa Barbara Golden Cranes batting - Pitching for Hamilton Coyotes : RHP Bruce Hamilton
|
Now in LF: Warren Martin
|
|
Batting: RHB James Pike
|
0-0: Ball 1-0: Ground out 5-3 (Groundball, 5S)
|
Batting: RHB Logan Manning
|
0-0: Ball 1-0: Called Strike 1-1: Called Strike 1-2: Ground out 5-3 (Groundball, 56S)
|
Batting: RHB John Aston
|
0-0: Called Strike 0-1: Foul Ball, location: 2F 0-2: Fly out, F9 (Flyball, 89S)
|
Top of the 4th over - 0 runs, 0 hits, 0 errors, 0 left on base; Santa Barbara 1 - Hamilton 2 |
BOTTOM OF THE 4TH |
Hamilton Coyotes batting - Pitching for Santa Barbara Golden Cranes : RHP Rocky Lannan
|
Batting: RHB Bob Sargent
|
0-0: Foul Ball, location: 2F 0-1: Foul Ball, location: 2F 0-2: Foul Ball, location: 2F 0-2: Strikes out swinging
|
Batting: RHB Rodrigo Pagán
|
0-0: Ball 1-0: Ball 2-0: Ground out 4-3 (Groundball, 4)
|
Batting: LHB Manuel Sánchez
|
0-0: Called Strike 0-1: Called Strike 0-2: Strikes out swinging
|
Bottom of the 4th over - 0 runs, 0 hits, 0 errors, 0 left on base; Santa Barbara 1 - Hamilton 2 |
TOP OF THE 5TH |
Santa Barbara Golden Cranes batting - Pitching for Hamilton Coyotes : RHP Bruce Hamilton
|
Batting: RHB Christian Turner
|
0-0: SINGLE (Groundball, 34D)
|
Batting: RHB Salvador Noriega
|
0-0: Ball 1-0: Bunted foul 1-1: Bunt missed! 1-2: Ball 2-2: SINGLE (Line Drive, 8LS) Christian Turner to second Christian Turner to third
|
Batting: LHB Manny Rosário
|
0-0: Called Strike 0-1: SINGLE (Line Drive, 8LS) Christian Turner scores Salvador Noriega to second
|
Batting: RHB Ed St. James
|
0-0: Bunted foul 0-1: Bunted foul 0-2: Foul Ball, location: 2F 0-2: Ball 1-2: Foul Ball, location: 2F 1-2: Ball 2-2: 3-RUN HOME RUN (Line Drive, 9D), Distance : 354 ft
|
Batting: RHB Gilbert Graham
|
0-0: Ball 1-0: Ground out 5-3 (Groundball, 5L)
|
Batting: LHB Sixto Álvarez
|
0-0: Ground out 4-3 (Groundball, 4)
|
Batting: RHB James Pike
|
0-0: Ball 1-0: Called Strike 1-1: Foul Ball, location: 2F 1-2: SINGLE (Line Drive, 4MD)
|
Batting: RHB Logan Manning
|
0-0: Foul Ball, location: 2F 0-1: Ball 1-1: Ball 2-1: Ball 3-1: Foul Ball, location: 2F 3-2: 2-RUN HOME RUN (Flyball, 9D), Distance : 342 ft
|
Batting: RHB John Aston
|
0-0: Ball 1-0: Called Strike 1-1: Foul Ball, location: 2F 1-2: Ball 2-2: SINGLE (Line Drive, 7S)
|
Batting: RHB Christian Turner
|
0-0: Foul Ball, location: 2F 0-1: Called Strike 0-2: SINGLE (Line Drive, 4D) John Aston to second
|
Batting: RHB Salvador Noriega
|
0-0: Ball 1-0: Swinging Strike 1-1: Ball 2-1: Swinging Strike 2-2: Ball 3-2: Foul Ball, location: 2F 3-2: SINGLE (Groundball, 4MD) John Aston to third Christian Turner to second John Aston scores Christian Turner to third
|
Batting: LHB Manny Rosário
|
0-0: SINGLE (Flyball, 8RS) Christian Turner scores Salvador Noriega to second
|
Batting: RHB Ed St. James
|
0-0: Called Strike 0-1: Ground out 4-3 (Groundball, 4)
|
Top of the 5th over - 8 runs, 10 hits, 0 errors, 2 left on base; Santa Barbara 9 - Hamilton 2 |
BOTTOM OF THE 5TH |
Hamilton Coyotes batting - Pitching for Santa Barbara Golden Cranes : RHP Rocky Lannan
|
Batting: RHB Henry Mann
|
0-0: Ball 1-0: Ball 2-0: Swinging Strike 2-1: Foul Ball, location: 2F 2-2: Ball 3-2: Foul Ball, location: 2F 3-2: Base on Balls
|
Batting: LHB Ruben Yim
|
0-0: Ball Henry Mann steals 2nd base 1-0: Called Strike 1-1: Ball 2-1: Single, Error in OF, E9, batter to second base Henry Mann scores
|
Batting: RHB Vincente Fuentes
|
0-0: Ball 1-0: Called Strike 1-1: Ball 2-1: Foul Ball, location: 2F 2-2: Ground out 6-3 (Groundball, 6) Ruben Yim to third
|
Batting: RHB Warren Martin
|
0-0: Ball 1-0: Ball 2-0: Ground out 6-3 (Groundball, 6M) Ruben Yim scores
|
Batting: LHB Armando Reyes
|
0-0: SINGLE (Flyball, 89S)
|
Batting: RHB Noel Wells
|
0-0: Ball 1-0: Ball 2-0: Ball 3-0: Called Strike 3-1: Base on Balls Armando Reyes to second
|
Batting: RHB Bob Sargent
|
0-0: Swinging Strike 0-1: Ball 1-1: Swinging Strike 1-2: Ball 2-2: Ball 3-2: Base on Balls Armando Reyes to third Noel Wells to second
|
Batting: RHB Rodrigo Pagán
|
0-0: Ball 1-0: Ball 2-0: SINGLE (Groundball, 34D) Armando Reyes scores Noel Wells to third Bob Sargent to second Runner from 3rd tries for Home, SAFE, no throw
|
Pitching: RHP Luis Ramos
|
|
Batting: LHB Manuel Sánchez
|
0-0: Foul Ball, location: 2F 0-1: Foul Ball, location: 2F 0-2: SINGLE (Line Drive, 4D) Bob Sargent to third Rodrigo Pagán to second
|
Batting: RHB Henry Mann
|
0-0: Called Strike 0-1: Foul Ball, location: 2F 0-2: DOUBLE (Line Drive, 89D) Bob Sargent scores Rodrigo Pagán scores Manuel Sánchez to third Runner from 3rd tries for Home, SAFE, no throw
|
Batting: LHB Ruben Yim
|
0-0: Fly out, F7 (Flyball, 7S)
|
Bottom of the 5th over - 7 runs, 5 hits, 1 error, 1 left on base; Santa Barbara 9 - Hamilton 9 |
TOP OF THE 6TH |
Santa Barbara Golden Cranes batting - Pitching for Hamilton Coyotes : RHP Bruce Hamilton
|
Pitching: RHP Dave Wheeler
|
|
Batting: RHB Gilbert Graham
|
0-0: Called Strike 0-1: Swinging Strike 0-2: Ball 1-2: Ball 2-2: Ball 3-2: Base on Balls
|
Batting: LHB Sixto Álvarez
|
0-0: Foul Ball, location: 2F 0-1: Foul Ball, location: 2F 0-2: Ball 1-2: 2-RUN HOME RUN (Flyball, 89XD), Distance : 380 ft
|
Batting: RHB James Pike
|
0-0: Ball 1-0: Ball 2-0: Swinging Strike 2-1: Called Strike 2-2: Strikes out swinging
|
Batting: RHB Logan Manning
|
0-0: Called Strike 0-1: Foul Ball, location: 2F 0-2: Strikes out swinging, 2-3 out at first.
|
Batting: RHB John Aston
|
0-0: Swinging Strike 0-1: Ball 1-1: Called Strike 1-2: Foul Ball, location: 2F 1-2: Ball 2-2: Ball 3-2: Ground out 6-3 (Groundball, 56)
|
Top of the 6th over - 2 runs, 1 hit, 0 errors, 0 left on base; Santa Barbara 11 - Hamilton 9 |
BOTTOM OF THE 6TH |
Hamilton Coyotes batting - Pitching for Santa Barbara Golden Cranes : RHP Luis Ramos
|
Batting: RHB Vincente Fuentes
|
0-0: Ground out 6-3 (Groundball, 6)
|
Batting: RHB Warren Martin
|
0-0: Fly out, F8 (Flyball, 8RM)
|
Batting: LHB Armando Reyes
|
0-0: Called Strike 0-1: Ground out 4-3 (Groundball, 4M)
|
Bottom of the 6th over - 0 runs, 0 hits, 0 errors, 0 left on base; Santa Barbara 11 - Hamilton 9 |
TOP OF THE 7TH |
Santa Barbara Golden Cranes batting - Pitching for Hamilton Coyotes : RHP Dave Wheeler
|
Batting: RHB Christian Turner
|
0-0: Ground out 6-3 (Groundball, 6)
|
Batting: RHB Salvador Noriega
|
0-0: Called Strike 0-1: Ball 1-1: Swinging Strike 1-2: Ball 2-2: Ball 3-2: Base on Balls
|
Batting: LHB Manny Rosário
|
0-0: Ground out 2-3 (Groundball, 15S) Salvador Noriega to second
|
Batting: RHB Ed St. James
|
0-0: Ball 1-0: Foul Ball, location: 2F 1-1: Ball 2-1: Called Strike 2-2: Ball 3-2: DOUBLE (Line Drive, 9LM) Salvador Noriega scores
|
Pitching: LHP Earl Brown
|
|
Batting: RHB Gilbert Graham
|
0-0: Ball 1-0: Foul Ball, location: 2F 1-1: Ball 2-1: Ball 3-1: Swinging Strike 3-2: Base on Balls
|
Batting: LHB Sixto Álvarez
|
0-0: Ball 1-0: Foul Ball, location: 2F 1-1: Called Strike 1-2: Strikes out swinging
|
Top of the 7th over - 1 run, 1 hit, 0 errors, 2 left on base; Santa Barbara 12 - Hamilton 9 |
BOTTOM OF THE 7TH |
Hamilton Coyotes batting - Pitching for Santa Barbara Golden Cranes : RHP Luis Ramos
|
Batting: RHB Noel Wells
|
0-0: Called Strike 0-1: Called Strike 0-2: Fly out, F9 (Flyball, 9LMF)
|
Batting: RHB Bob Sargent
|
0-0: Called Strike 0-1: Reached on error, E3 (Groundball, 34)
|
Batting: RHB Rodrigo Pagán
|
0-0: Called Strike 0-1: Swinging Strike 0-2: Grounds into double play, 4-6-3 (Groundball, 4)
|
Bottom of the 7th over - 0 runs, 0 hits, 1 error, 0 left on base; Santa Barbara 12 - Hamilton 9 |
TOP OF THE 8TH |
Santa Barbara Golden Cranes batting - Pitching for Hamilton Coyotes : LHP Earl Brown
|
Batting: RHB James Pike
|
0-0: Ball 1-0: Ball 2-0: Ball 3-0: Called Strike 3-1: Fly out, F3 (Popup, 3SF)
|
Batting: RHB Logan Manning
|
0-0: Called Strike 0-1: Ball 1-1: Ball 2-1: Foul Ball, location: 2F 2-2: Strikes out swinging
|
Batting: RHB John Aston
|
0-0: Ball 1-0: Foul Ball, location: 2F 1-1: Swinging Strike 1-2: Fly out, F8 (Flyball, 8LM)
|
Top of the 8th over - 0 runs, 0 hits, 0 errors, 0 left on base; Santa Barbara 12 - Hamilton 9 |
BOTTOM OF THE 8TH |
Hamilton Coyotes batting - Pitching for Santa Barbara Golden Cranes : RHP Luis Ramos
|
Batting: LHB Manuel Sánchez
|
0-0: Ball 1-0: Ball 2-0: Ball 3-0: Called Strike 3-1: Foul Ball, location: 2F 3-2: Base on Balls
|
Batting: RHB Henry Mann
|
0-0: Ball 1-0: Ball 2-0: Ball 3-0: Swinging Strike 3-1: Foul Ball, location: 2F 3-2: Base on Balls Manuel Sánchez to second
|
Batting: LHB Ruben Yim
|
0-0: Called Strike 0-1: Fly out, F8 (Line Drive, 8LD)
|
Batting: RHB Vincente Fuentes
|
0-0: Foul Ball, location: 2F 0-1: Ball 1-1: Foul Ball, location: 2F 1-2: Foul Ball, location: 2F 1-2: Grounds into double play, 5-4-3 (Groundball, 56)
|
Bottom of the 8th over - 0 runs, 0 hits, 0 errors, 1 left on base; Santa Barbara 12 - Hamilton 9 |
TOP OF THE 9TH |
Santa Barbara Golden Cranes batting - Pitching for Hamilton Coyotes : LHP Earl Brown
|
Batting: RHB Christian Turner
|
0-0: Foul Ball, location: 2F 0-1: Ball 1-1: Ball 2-1: Called Strike 2-2: Ball 3-2: Foul Ball, location: 2F 3-2: Foul Ball, location: 2F 3-2: Base on Balls
|
Batting: RHB Salvador Noriega
|
0-0: Bunted foul 0-1: Ball 1-1: Ball 2-1: Ball 3-1: Sac Bunt - play at first, batter OUT! 5-4 Christian Turner to second
|
Batting: LHB Manny Rosário
|
0-0: Fly out, F7 (Flyball, 78D)
|
Batting: RHB Ed St. James
|
0-0: Called Strike 0-1: Fly out, F9 (Flyball, 9S)
|
Top of the 9th over - 0 runs, 0 hits, 0 errors, 1 left on base; Santa Barbara 12 - Hamilton 9 |
BOTTOM OF THE 9TH |
Hamilton Coyotes batting - Pitching for Santa Barbara Golden Cranes : RHP Luis Ramos
|
Pitching: RHP Seung-yeop Kim
|
|
Batting: RHB Warren Martin
|
0-0: Called Strike 0-1: Ball 1-1: Called Strike 1-2: Ball 2-2: Foul Ball, location: 2F 2-2: Foul Ball, location: 2F 2-2: Ball 3-2: SINGLE (Line Drive, 6D)
|
Batting: LHB Armando Reyes
|
0-0: Ball 1-0: Ground out 4-3 (Groundball, 34D) Warren Martin to second
|
Batting: RHB Noel Wells
|
0-0: Ball 1-0: Swinging Strike 1-1: Swinging Strike 1-2: Foul Ball, location: 2F 1-2: Ball 2-2: Strikes out looking
|
Batting: RHB Bob Sargent
|
0-0: Ball 1-0: Called Strike 1-1: Fly out, F5 (Popup, 15)
|
Bottom of the 9th over - 0 runs, 1 hit, 0 errors, 1 left on base; Santa Barbara 12 - Hamilton 9 |
|